Map: 월드 오브 슬리퍼스 - 래더

Players

Ragnarok (SHIN) - Winner!

  • Race: Zerg Zerg
  • League: Master
  • Spawn Location: 7:00

IntoTheZoun (Zoun)

  • Race: Protoss Protoss
  • League: Master
  • Spawn Location: 1:00

VOD

Have the link to the VOD?

Description

Time

  • Played on: Jan. 9, 2020, 4:53 a.m.
  • Length: 7:29
Show
View Real Time Build Order
Export as new Build Order

Ragnarok Zerg - Winner!

Build Orders: Hatch First 

Get SALT Encoding   

  12  0:00  Drone  
  13  0:08  Drone  
  14  0:16  Overlord  
  15  0:35  Drone x2  
  16  0:47  Hatchery  
  15  0:50  Drone  
  15  0:54  Drone  
  17  0:59  Drone  
  18  1:09  Extractor  
  17  1:13  Spawning Pool  
  17  1:15  Drone  
  17  1:19  Drone  
  18  1:29  Drone  
  19  1:43  Hatchery  
  19  1:46  Drone  
  19  1:51  Drone  
  20  1:59  Queen  
  22  2:02  Zergling x2  
  22  2:05  Drone  
  24  2:10  Drone  
  25  2:17  Queen  
  27  2:23  Overlord  
  27  2:25  Drone  
  28  2:30  Metabolic Boost  
  28  2:41  Zergling x2  
  28  2:42  Queen  
  28  2:43  Drone  
  32  2:46  Drone  
  32  2:48  Drone  
  34  2:55  Queen  
  34  2:57  Drone  
  37  2:59  Drone  
  37  3:03  Drone x2  
  40  3:07  Overlord  
  40  3:12  Drone x2  
  42  3:25  Spore Crawler, Queen  
  42  3:26  Drone x2  
  45  3:27  Drone  
  45  3:29  Drone  
  47  3:34  Drone x2  
  47  3:36  Overlord  
  47  3:41  Drone  
  50  3:49  Overlord  
  50  3:56  Drone x8  
  50  4:02  Lair  
  58  4:03  Roach Warren  
  58  4:07  Drone, Overlord  
  59  4:10  Zergling x4  
  59  4:11  Zergling x2  
  59  4:15  Extractor x2  
  59  4:16  Zergling x6  
  62  4:24  Zergling x8  
  62  4:27  Zergling x2  
  62  4:28  Zergling x2  
  62  4:30  Zergling x8  
  72  4:36  Zergling x4  
  74  4:38  Overlord x2  
  74  4:41  Overlord  
  74  4:59  Spore Crawler, Roach x3  
  81  5:00  Overseer, Roach x2  
  81  5:01  Glial Reconstitution  
  81  5:06  Roach x2  
  81  5:07  Roach  
  89  5:13  Drone x4  
  93  5:17  Overlord  
  93  5:18  Roach  
  95  5:27  Drone x3, Overlord  
  98  5:31  Extractor  
  98  5:34  Spire  
  96  5:39  Drone  
  96  5:44  Drone x3  
  96  5:45  Zergling x8, Roach  
  105  5:54  Zergling x10, Roach  
  112  6:00  Overlord  
  112  6:05  Overlord  
  112  6:07  Ravager x2  
  115  6:11  Overlord  
  115  6:12  Overlord  
  115  6:17  Zergling x6  
  115  6:18  Zergling x4  
  114  6:21  Zergling x2  
  114  6:22  Zergling x12  
  111  6:30  Zergling x2, Roach  
  108  6:36  Ravager x3  
  108  6:37  Ravager x4  
  108  6:39  Overlord  
  117  6:40  Roach  
  117  6:43  Roach  
  117  6:45  Roach  
  117  6:46  Roach  
  123  6:50  Roach  
  124  6:55  Roach x3  
  124  7:00  Roach x2  
  134  7:04  Roach  
  134  7:06  Roach x2  
  134  7:07  Zergling x4  
  129  7:09  Zergling x2, Roach  
Show
View Real Time Build Order
Export as new Build Order

IntoTheZoun Protoss 

Build Orders: 1 Gate Expand, Mass Adepts 

Get SALT Encoding   

  12  0:00  Probe  
  13  0:12  Probe  
  14  0:21  Pylon  
  14  0:25  Probe  
  15  0:39  Probe (Chrono Boost)  
  16  0:43  Gateway  
  16  0:48  Probe (Chrono Boost)  
  16  0:49  Assimilator  
  17  0:53  Probe (Chrono Boost)  
  18  1:05  Probe  
  19  1:18  Probe  
  20  1:25  Nexus  
  20  1:34  Cybernetics Core  
  20  1:36  Probe  
  21  1:44  Assimilator  
  21  1:49  Probe  
  21  1:52  Pylon  
  22  2:01  Probe (Chrono Boost)  
  23  2:08  Adept (Chrono Boost)  
  23  2:13  Probe (Chrono Boost)  
  23  2:15  Twilight Council  
  26  2:21  Warp Gate  
  26  2:22  Probe (Chrono Boost)  
  27  2:30  Stalker  
  27  2:37  Probe (Chrono Boost)  
  31  2:41  Probe (Chrono Boost)  
  31  2:46  Probe (Chrono Boost)  
  31  2:50  Probe (Chrono Boost)  
  33  2:51  Probe (Chrono Boost), Resonating Glaives  
  34  3:00  Probe  
  34  3:03  Probe (Chrono Boost)  
  36  3:05  Robotics Facility  
  37  3:15  Probe (Chrono Boost)  
  37  3:16  Gateway  
  37  3:18  Probe (Chrono Boost)  
  37  3:19  Adept  
  40  3:22  Probe (Chrono Boost)  
  40  3:25  Probe (Chrono Boost)  
  42  3:27  Pylon  
  42  3:33  Probe  
  43  3:36  Probe  
  43  3:40  Gateway  
  44  3:41  Gateway  
  45  3:48  Probe  
  45  3:49  Warp Prism (Chrono Boost)  
  47  3:56  Pylon  
  47  3:57  Probe  
  47  4:00  Probe  
  47  4:02  Assimilator  
  49  4:05  Assimilator  
  49  4:10  Adept x2  
  49  4:13  Pylon  
  53  4:19  Observer  
  53  4:22  Probe  
  53  4:23  Probe  
  56  4:30  Pylon  
  56  4:35  Probe  
  56  4:37  Adept x4  
  65  4:46  Immortal (Chrono Boost)  
  69  4:57  Adept x4  
  77  5:00  Pylon  
  77  5:20  Immortal (Chrono Boost)  
  81  5:26  Gateway  
  81  5:27  Gateway  
  81  5:29  Gateway  
  81  5:30  Gateway  
  81  5:33  Sentry x2  
  85  5:39  Pylon  
  85  5:42  Pylon  
  85  5:48  Pylon x2  
  85  5:58  Sentry x4  
  93  6:05  Pylon  
  93  6:06  Pylon  
  91  6:22  Adept  
  91  6:23  Adept x6  
  103  6:32  Sentry  
  85  6:40  Sentry  
  85  6:41  Adept, Sentry  
  85  6:43  Adept x4  
  99  6:58  Adept x4  
  107  7:05  Adept  
  107  7:06  Adept x2  
  80  7:17  Adept  
  70  7:23  Adept x3  
Tags
 
Add a new tag
Caveats
  • Supply blocks, unpowered buildings, or Contaminate may cause inaccurate times.
  • Supply counts are checked every 10 seconds.